 Dungeon Crawl Stone Soup version 0.26.0-45-g9c1d065592 (webtiles) character file.

Game seed: 14742537537154584235

(classic levelgen) 349 thiole the Stinger (level 6, -5/42 HPs)
             Began as an Octopode Venom Mage on Jan 30, 2021.
             Killed by divine providence
             ... invoked by an orc priest
              (15 damage)
             ... on level 4 of the Dungeon.
             The game lasted 00:04:45 (4415 turns).

thiole the Stinger (Octopode Venom Mage)            Turns: 4415, Time: 00:04:46

Health: -5/42      AC:  1    Str:  7 (8)  XL:     6   Next: 60%
Magic:  6/9        EV: 13    Int: 20 (21) God:
Gold:   102        SH:  0    Dex: 12      Spells: 8/9 levels left

rFire    . . .     SeeInvis .   a - +3 dagger
rCold    . . .     Faith    .   (no shield)
rNeg     . . .     Spirit   .   (helmet restricted)
rPois    .         Reflect  .   (no amulet)
rElec    .         Harm     .   (no ring)
rCorr    .         Rampage  .   (no ring)
Will     .....                  (no ring)
Stlth    +++.......             (no ring)
HPRegen  0.14/turn              (no ring)
MPRegen  0.11/turn              (no ring)
                                (no ring)
                                (no ring)

@: no status effects
A: almost no armour, stealthy swim, amphibious, 8 rings, constrict 8, tentacle
spike 1, camouflage 1, clever 1, deterioration 1, gelatinous body 1
a: no special abilities


You were on level 4 of the Dungeon.
You visited 1 branch of the dungeon, and saw 4 of its levels.

You collected 102 gold pieces.

Inventory:

Hand Weapons
 a - a +3 dagger (weapon)
 i - a +0 club
Missiles
 j - 122 stones
 o - 3 atropa-tipped darts
Scrolls
 c - 3 scrolls of identify
 f - a scroll of enchant armour {unknown}
 g - a scroll of fog {unknown}
 h - 2 scrolls of teleportation {unknown}
 k - 2 scrolls of remove curse {unknown}
 m - a scroll of fear {unknown}
Potions
 b - 2 potions of magic
 d - a potion of haste
 e - 2 potions of ambrosia
 l - a potion of flight
 n - a potion of curing


   Skills:
 - Level 3.0 Fighting
 - Level 2.0 Dodging
 - Level 2.6 Stealth
 - Level 2.0 Spellcasting
 - Level 2.0 Conjurations
 - Level 2.0 Transmutations
 + Level 1.7 Fire Magic
 - Level 3.0 Air Magic
 - Level 5.0 Poison Magic


You had 8 spell levels left.
You knew the following spells:

 Your Spells              Type           Power        Failure   Level
a - Sting                 Tmut/Pois      64%          3%          1

Your spell library contained the following spells:

 Spells                   Type           Power        Failure   Level
 Poisonous Vapours        Pois/Air       36%          4%          2
 Mephitic Cloud           Conj/Pois/Air  15%          12%         3
 Ignite Poison            Fire/Tmut/Pois 13%          14%         3
 Animate Skeleton         Necr           4%           16%         1
 Apportation              Tloc           4%           16%         1
 Corona                   Hex            2%           16%         1
 Summon Small Mammal      Summ           8%           16%         1
 Olgreb's Toxic Radiance  Pois           22%          21%         4


Dungeon Overview and Level Annotations

Branches:
Dungeon (4/15)
 Temple: D:4-7

Altars:


Innate Abilities, Weirdness & Mutations

You cannot wear most types of armour.
You are very stealthy in the water. (Stealth+)
You are amphibious.
You can wear up to eight rings at the same time.
You can use your tentacles to constrict eight enemies at once.
Your skin changes colour to match your surroundings (Stealth+).
Your rubbery body absorbs attacks. (AC +1, EV +1)
One of your tentacles bears a spike.
Your mind is acute. (Int +2)
Your body sometimes deteriorates upon taking damage.


Message History

Pain shoots through your body!
Your body deteriorates!
You feel weakened.
You hit the orc priest. Your grab misses the orc priest.
You pierce the orc priest.
The orc priest is moderately wounded.
The orc priest closely misses you.
You hit the orc priest. Your grab misses the orc priest.
The orc priest is heavily wounded.
The orc priest hits you with a +0 club.
* * * LOW HITPOINT WARNING * * *
You closely miss the orc priest. Your grab misses the orc priest.
The orc priest is heavily wounded.
The orc priest hits you with a +0 club.
* * * LOW HITPOINT WARNING * * *
You hit the orc priest. Your grab misses the orc priest.
Your squeeze misses the orc priest.
The orc priest is almost dead.
The orc priest invokes the aid of Beogh against you.
Beogh smites you!
You die...

..#.#.#.#.# #.# #
#.#.#.#.# #####.#
#.#.#.#.# #.....#
..#..)#.# #.###.# #
###)#.# #.# #.# ##.#.##
#.###.####
######.....####.........
....................####
###...@...####..####
#...o(..# #..# #.......#
#..# #.......# #..#
.........# #..#
###.....(.# #..#
##<#.#... ...# ..#.#.###


You could see an orc priest (poisoned).

Vanquished Creatures
  A scorpion (D:4)
  3 orc priests
  An orc wizard (D:4)
  5 adders (D:2)
  4 gnolls (D:2)
  An ooze (D:2)
  An adder skeleton (D:4)
  2 worms
  A dart slug (D:1)
  3 leopard geckos
  10 orcs
  A giant cockroach (D:3)
  12 goblins
  8 hobgoblins
  4 jackals
  6 kobolds
  8 bats
  4 frilled lizards
  7 rats
82 creatures vanquished.

Notes
Turn   | Place    | Note
-------+----------+-------------------------------------------
     0 | D:1      | thiole the Octopode Venom Mage began the quest for the Orb.
     0 | D:1      | Reached XP level 1. HP: 11/11 MP: 3/3
   134 | D:1      | Reached skill level 4 in Poison Magic
   209 | D:1      | Reached XP level 2. HP: 17/17 MP: 0/5
   940 | D:2      | Reached skill level 5 in Poison Magic
   940 | D:2      | Reached XP level 3. HP: 15/21 MP: 3/6
  1077 | D:2      | Reached skill level 1 in Fighting
  1468 | D:2      | Reached XP level 4. HP: 19/29 MP: 0/7
  1790 | D:2      | HP: 1/31 [gnoll/+0 spear (5)]
  1792 | D:2      | Reached XP level 5. HP: 1/36 MP: 1/8
  2123 | D:2      | Reached skill level 1 in Conjurations
  2178 | D:2      | Reached skill level 1 in Air Magic
  2789 | D:3      | Found a faded altar of an unknown god.
  3460 | D:3      | Reached XP level 6. HP: 42/42 MP: 4/9
  3785 | D:4      | Gained mutation: Your body sometimes deteriorates upon
                  | taking damage. [potion of mutation]
  3785 | D:4      | Gained mutation: One of your tentacles bears a spike.
                  | [potion of mutation]
  3785 | D:4      | Gained mutation: Your mind is acute. (Int +2) [potion of
                  | mutation]
  4211 | D:4      | Reached skill level 1 in Fire Magic
  4415 | D:4      | Killed from afar by an orc priest

Illustrated notes

Levels and vault maps discovered:
D:1:      lightli_arrival_maybe_door_vault, layout_basic, grunt_decor_clamped
D:2:      layout_basic, minmay_heptomino_l4
D:3:      layout_basic, chequers_ecumenical_altar_simple_redux,
          palyth_stone_intersect
D:4:      layout_loops_ring, moated_statue

Skill      XL: |  1  2  3  4  5  6 |
---------------+-------------------+-----
Poison Magic   | 4 5 |  5.0
Fighting       | 2 3 |  3.0
Conjurations   | 2 |  2.0
Air Magic      | 2 3 |  3.0
Fire Magic     | 1 |  1.7
Transmutations | 2 |  2.0
Dodging        | |  2.0
Stealth        | |  2.6
Spellcasting   | |  2.0

Action                   |  1- 3 |  4- 6 || total
-------------------------+-------+-------++-------
Melee: Unarmed           |     6 |       ||     6
       Constrict         |     5 |    14 ||    19
       Dagger            |    10 |    51 ||    61
       Tentacles         |     2 |     7 ||     9
       Kick              |       |     6 ||     6
 Cast: Sting             |    50 |    94 ||   144
  Use: Potion            |       |     2 ||     2
       Scroll            |       |     5 ||     5
Armor: Skin              |     2 |     6 ||     8
Dodge: Dodged            |    15 |    52 ||    67
